[Event "Norm Congress-IM 2019"]
[Site "Saint Louis"]
[Date "2019.05.17"]
[Round "2.1"]
[White "Kiewra, Keaton"]
[Black "Jacobson, Aaron"]
[Result "0-1"]
[ECO "D02"]
[WhiteElo "2375"]
[BlackElo "2311"]
[Annotator "NA RC"]
[PlyCount "98"]
[EventDate "2019.05.16"]
[EventType "tourn"]
[EventCountry "USA"]
[SourceTitle "playchess.com"]
[Source "ChessBase"]
[SourceQuality "1"]
[TimeControl "5400+30"]

1. Nf3 d5 2. d4 Nf6 3. c4 e6 4. g3 Bb4+ 5. Nc3 O-O 6. Bg2 dxc4 7. O-O Nc6 8. a3 Bxc3 9. bxc3 a6 {[%emt 0:00:37] E20: Nimzo-Indian: 4 g3 and 4 f3} (9... Rb8 10. Bg5 h6 11. Bh4 g5 12. Nxg5 hxg5 13. Bxg5 Kg7 14. e4 Ne7 15. f4 Nh7 16. Qh5 f6 17. Bh6+ Kh8 18. Bxf8 Qxf8 {1-0 (55) Salem,A (2638)-Inarkiev,E (2689) Riadh 2017}) 10. Qc2 $146 ({Predecessor:} 10. Bf4 b5 11. Ne5 Bb7 12. Nxc6 Bxc6 13. Bxc6 Ra7 14. Qc2 g6 15. Bg5 Qe7 16. Qd2 Kg7 17. Qf4 a5 18. e4 Ra6 19. e5 Nd5 20. Bxd5 Qe8 21. Qf6+ Kg8 22. Bh6 {1-0 (22) Plotkin,D-Muniz,A ICC INT 2009}) 10... Na5 11. Nd2 c5 12. dxc5 Qc7 13. a4 Rd8 14. Ba3 Nd7 (14... Rb8 $11) 15. Bb4 ({White should try} 15. Rfd1 $16) 15... Nxc5 16. Bxa5 Qxa5 17. Nxc4 Qc7 18. a5 Bd7 19. Rfb1 Bb5 20. Nb6 Rab8 21. c4 Bc6 22. Bxc6 Qxc6 23. Rd1 g6 24. Rxd8+ Rxd8 25. Rd1 Qc7 26. Rd2 Rd6 27. Qd1 Rxd2 28. Qxd2 Qe5 29. Qd8+ (29. Kg2 $11 {remains equal.}) 29... Kg7 30. Nc8 {[%emt 0:00:43] [#]} (30. Kg2 $11) 30... Ne4 $1 31. Kg2 {[%emt 0:04:06] [#]} (31. e3 $142) 31... Qc5 $1 {[%emt 0:03:03] Double Attack} 32. e3 Qxc4 33. Qd4+ Qxd4 34. exd4 Kf8 35. f3 Nd2 36. Nd6 Nb3 37. Nxb7 Ke7 38. Kf2 Kd7 ({Not} 38... Nxd4 39. Ke3 $17) 39. Ke3 {[%emt 0:00:40] [#]} Kc7 $15 ({Black should play} 39... f6 $1 $19 40. Kd3 Kc6) 40. Nc5 Nxc5 41. dxc5 Kc6 42. Kd4 f6 43. h4 e5+ 44. Kc4 f5 45. f4 e4 46. Kd4 e3 47. Kxe3 Kxc5 48. h5 gxh5 49. Kd3 Kd5 0-1

[Event "Norm Congress-IM 2019"]
[Site "Saint Louis"]
[Date "2019.05.17"]
[Round "2.2"]
[White "Wu, Rochelle"]
[Black "Rosen, Eric"]
[Result "1/2-1/2"]
[ECO "A50"]
[WhiteElo "2174"]
[BlackElo "2338"]
[Annotator "RC"]
[PlyCount "170"]
[EventDate "2019.05.16"]
[EventType "tourn"]
[EventCountry "USA"]
[SourceTitle "playchess.com"]
[Source "ChessBase"]
[SourceQuality "1"]
[TimeControl "5400+30"]

1. d4 Nf6 2. c4 Nc6 3. Nc3 e5 4. d5 Ne7 5. g3 Ng6 6. Bg2 Bb4 7. Bd2 a5 8. e4 d6 9. Nge2 Bg4 10. h3 Bd7 11. Qc2 Qc8 12. O-O-O c6 13. Bg5 Qc7 14. Kb1 Ne7 15. Bxf6 gxf6 16. a3 Bc5 17. f4 cxd5 18. exd5 Nf5 19. Qd3 Ne3 20. Rdg1 f5 21. fxe5 dxe5 22. Nd1 Nxg2 23. Rxg2 Rc8 24. Re1 O-O 25. g4 f4 26. Ndc3 Kh8 27. Ne4 f6 28. d6 Qc6 29. Nxf4 exf4 30. Nxc5 Be8 31. Ne4 Bg6 32. b3 Rcd8 33. Kb2 f3 34. Qxf3 Rxd6 35. Rge2 Re6 36. Nd2 Rxe2 37. Rxe2 Qb6 38. Qc3 Qg1 39. Re6 Kg8 40. Rd6 Qd1 41. Qc1 Qe2 42. Qc3 a4 43. bxa4 Qd1 44. c5 Qh1 45. a5 Re8 46. g5 fxg5 47. Rd7 Bf7 48. Qf6 Rf8 49. Qxg5+ Kh8 50. Qe5+ Kg8 51. Ne4 Qg2+ 52. Rd2 Qg7 53. Qxg7+ Kxg7 54. Rf2 Ra8 55. Nd6 Bd5 56. Rd2 Bc6 57. Nxb7 Ra7 58. Nd8 Be4 59. c6 Kf6 60. Nb7 Bxc6 61. Rd6+ Ke5 62. Rxc6 Rxb7+ 63. Rb6 Ra7 64. a6 Kd4 65. Kb3 Kc5 66. Rb7 Rxa6 67. Rxh7 Rf6 68. Rh5+ Kc6 69. Kb4 Rf1 70. Rh6+ Kc7 71. a4 Rf4+ 72. Kb5 Kb7 73. Rh5 Rf1 74. a5 Rc1 75. Rh7+ Kb8 76. a6 Rb1+ 77. Kc6 Ra1 78. a7+ Ka8 79. h4 Ra6+ 80. Kd5 Rd6+ 81. Ke5 Re6+ 82. Kf5 Rf6+ 83. Kg5 Rg6+ 84. Kh5 Rg5+ 85. Kh6 Rg6+ 1/2-1/2

[Event "Norm Congress-IM 2019"]
[Site "Saint Louis"]
[Date "2019.05.18"]
[Round "4.2"]
[White "Gauri, Shankar"]
[Black "Jacobson, Aaron"]
[Result "1/2-1/2"]
[ECO "D02"]
[WhiteElo "2375"]
[BlackElo "2311"]
[Annotator "ChessBase"]
[PlyCount "226"]
[EventDate "2019.05.16"]
[EventType "tourn"]
[EventCountry "USA"]
[SourceTitle "playchess.com"]
[Source "ChessBase"]
[SourceQuality "1"]
[TimeControl "5400+30"]

1. d4 d5 2. Nf3 Nf6 3. c4 e6 4. g3 Bb4+ 5. Nbd2 dxc4 6. Bg2 b5 7. Ne5 Nd5 8. O-O Bb7 9. Qc2 Be7 10. a3 a5 11. b3 c3 12. Ne4 b4 13. Nc5 Bxc5 14. dxc5 Nc6 15. Nxc6 Bxc6 16. e4 Nf6 17. Bg5 O-O 18. Rfd1 Qe7 19. e5 Bxg2 20. Kxg2 Qxc5 21. exf6 Qxg5 22. axb4 axb4 23. Rxa8 Rxa8 24. Qe4 Rf8 25. Qxb4 Qxf6 26. Rc1 Qf5 27. Qxc3 Rc8 28. h4 c6 29. b4 Qd5+ 30. Kh2 Kf8 31. Rc2 h6 32. Rd2 Qf5 33. Qd4 e5 34. Qc5+ Kg8 35. Re2 f6 36. Rc2 Rb8 37. Qxc6 Rxb4 38. Qc8+ Qxc8 39. Rxc8+ Kh7 40. Rc7 h5 41. Kg2 Kg6 42. Re7 Ra4 43. Rb7 Ra6 44. Re7 Rc6 45. Kf1 Rc8 46. Kg2 Rg8 47. Ra7 Kf5 48. Rb7 g6 49. Rb6 Re8 50. Rb5 Ke6 51. Rb6+ Kf7 52. Kf3 Re6 53. Rb7+ Re7 54. Rb6 Rd7 55. Ra6 Ke7 56. Rb6 Rd3+ 57. Ke2 Rd6 58. Rb7+ Ke6 59. Rb5 Ra6 60. Kf3 Kd6 61. Ke2 Ke6 62. Kf3 Kf5 63. Kg2 Rd6 64. Ra5 Ke6 65. Kf3 f5 66. Ke3 Rb6 67. Kf3 Kf6 68. Kg2 Re6 69. Kf3 Rc6 70. Kg2 Rb6 71. Kf3 Rd6 72. Kg2 Re6 73. Kf3 g5 74. hxg5+ Kxg5 75. Ra8 e4+ 76. Ke3 Rd6 77. Rg8+ Rg6 78. Rh8 Kg4 79. Rh7 Rg8 80. Rh6 Rg5 81. Rh8 Rg6 82. Rh7 Rg8 83. Rh6 Rd8 84. Rg6+ Kh3 85. Rg5 Rd3+ 86. Ke2 Rf3 87. Kf1 e3 88. Rxh5+ Kg4 89. Rh4+ Kg5 90. Rh2 exf2 91. Rxf2 Kg4 92. Kg2 Rxg3+ 93. Kh2 Rh3+ 94. Kg2 Ra3 95. Rb2 f4 96. Kf2 Rf3+ 97. Kg2 Rg3+ 98. Kf2 Rc3 99. Ra2 Rb3 100. Rc2 Rh3 101. Rc8 Rh2+ 102. Kg1 Re2 103. Rc3 Re3 104. Rc2 Kf3 105. Rf2+ Kg4 106. Ra2 Rh3 107. Ra8 Kg3 108. Rg8+ Kf3 109. Ra8 Rg3+ 110. Kf1 Ke4 111. Kf2 Rf3+ 112. Ke2 Re3+ 113. Kf2 Rf3+ 1/2-1/2

[Event "Norm Congress-IM 2019"]
[Site "Saint Louis"]
[Date "2019.05.18"]
[Round "4.3"]
[White "Ezra Paul Chambers"]
[Black "Rosen, Eric"]
[Result "0-1"]
[ECO "C77"]
[WhiteElo "2241"]
[BlackElo "2338"]
[Annotator "RC"]
[PlyCount "68"]
[EventDate "2019.05.16"]
[EventType "tourn"]
[EventCountry "USA"]
[SourceTitle "playchess.com"]
[Source "ChessBase"]
[SourceQuality "1"]
[TimeControl "5400+30"]

1. e4 e5 2. Nf3 Nc6 3. Bb5 a6 4. Ba4 Nf6 5. d3 b5 6. Bb3 Bc5 7. Nc3 h6 8. Nd5 d6 9. c3 Rb8 10. O-O O-O 11. h3 Nxd5 12. exd5 Ne7 13. d4 exd4 14. Nxd4 Bb7 15. Ne2 Ng6 16. Bc2 Qh4 17. b3 Rbe8 18. Qd3 Bxd5 19. Ng3 Re5 20. a4 Rfe8 21. axb5 axb5 22. Bd2 Bc6 23. Kh2 Rd5 24. Qf3 Ne5 25. Qf5 Ng4+ 26. Qxg4 Qxg4 27. hxg4 Rxd2 28. Ra2 Rxf2 29. Rxf2 Bxf2 30. Nf5 g6 31. Nxh6+ Kg7 32. g5 Be3 33. Ng4 Bf4+ 34. Kg1 Bxg5 0-1

[Event "Norm Congress-IM 2019"]
[Site "Saint Louis"]
[Date "2019.05.18"]
[Round "4.5"]
[White "Grabinsky, Aaron"]
[Black "Giannatos, Peter"]
[Result "0-1"]
[ECO "D00"]
[WhiteElo "2338"]
[BlackElo "2290"]
[Annotator "ChessBase"]
[PlyCount "76"]
[EventDate "2019.05.16"]
[EventType "tourn"]
[EventCountry "USA"]
[SourceTitle "playchess.com"]
[Source "ChessBase"]
[SourceQuality "1"]
[TimeControl "5400+30"]

1. d4 d5 2. Bf4 Bf5 3. e3 e6 4. Nf3 Bd6 5. Bg3 Nf6 6. c4 O-O 7. Nc3 Bxg3 8. hxg3 c6 9. Bd3 dxc4 10. Bxc4 Nbd7 11. Nh4 Nb6 12. Bb3 a5 13. Nxf5 exf5 14. Qf3 a4 15. Bc2 g6 16. O-O-O a3 17. b3 Nbd5 18. Nxd5 cxd5 19. Kb1 Qa5 20. Qe2 Rac8 21. Rc1 Rc3 22. Bd3 Rfc8 23. Rxc3 Rxc3 24. Rd1 Kg7 25. Rd2 Ne4 26. Bxe4 fxe4 27. Qd1 Rd3 28. Rxd3 exd3 29. Qxd3 Qe1+ 30. Kc2 Qa1 31. Qb5 Qxa2+ 32. Kc3 Qb2+ 33. Kb4 a2 34. Qxd5 Qd2+ 35. Kc4 Qc2+ 36. Kb4 a1=Q 37. Qe5+ f6 38. Qe7+ Kh6 0-1

[Event "Norm Congress-IM 2019"]
[Site "Saint Louis"]
[Date "2019.05.19"]
[Round "6.3"]
[White "Torres Rosas, Luis Carlos"]
[Black "Jacobson, Aaron"]
[Result "1-0"]
[ECO "E47"]
[WhiteElo "2320"]
[BlackElo "2311"]
[Annotator "RC"]
[PlyCount "67"]
[EventDate "2019.05.16"]
[EventType "tourn"]
[EventCountry "USA"]
[SourceTitle "playchess.com"]
[Source "ChessBase"]
[SourceQuality "1"]
[TimeControl "5400+30"]

1. d4 Nf6 2. c4 e6 3. Nc3 Bb4 4. e3 O-O 5. Bd3 c5 6. Nge2 cxd4 7. exd4 d5 8. cxd5 Nxd5 9. O-O Nc6 10. Nxd5 exd5 11. Nf4 Be7 12. Be3 Bf6 13. Nh5 Re8 14. Rc1 Be6 15. Qf3 Be7 16. Nxg7 Kxg7 17. Qh5 Bf6 18. Qh6+ Kg8 19. Bxh7+ Kh8 20. Bf5+ Kg8 21. Qh7+ Kf8 22. Bh6+ Ke7 23. Bxe6 Kxe6 24. Rfe1+ Kd7 25. Qxf7+ Re7 26. Qxd5+ Ke8 27. Qh5+ Kd7 28. Qf5+ Kc7 29. Bf4+ Kb6 30. Qc5+ Ka6 31. Qc4+ Kb6 32. Rxe7 Qxe7 33. d5 Ne5 34. Qb3+ 1-0

[Event "Norm Congress-IM 2019"]
[Site "Saint Louis"]
[Date "2019.05.19"]
[Round "6.4"]
[White "Grabinsky, Aaron"]
[Black "Rosen, Eric"]
[Result "1-0"]
[ECO "B40"]
[WhiteElo "2338"]
[BlackElo "2338"]
[Annotator "RC"]
[PlyCount "139"]
[EventDate "2019.05.16"]
[EventType "tourn"]
[EventCountry "USA"]
[SourceTitle "playchess.com"]
[Source "ChessBase"]
[SourceQuality "1"]
[TimeControl "5400+30"]

1. e4 c5 2. Nf3 e6 3. b3 b6 4. Bd3 Bb7 5. O-O Ne7 6. Bb2 Ng6 7. c4 Nc6 8. Re1 Bd6 9. Na3 Nce5 10. Bf1 Nxf3+ 11. Qxf3 Qg5 12. d4 O-O 13. d5 Rae8 14. Nb5 Bb8 15. Qc3 Qh6 16. g3 a6 17. Na3 Be5 18. Qc2 f5 19. exf5 Bxb2 20. Qxb2 Rxf5 21. Bg2 Ref8 22. f4 exd5 23. Nc2 R5f7 24. Ne3 Ne7 25. Rad1 Qg6 26. Qd2 d4 27. Bxb7 dxe3 28. Rxe3 Nf5 29. Ree1 Kh8 30. Bd5 Rf6 31. Be4 d6 32. Qd5 h6 33. Bxf5 Rxf5 34. Qxd6 R5f6 35. Qd3 Qxd3 36. Rxd3 R8f7 37. Rd5 Kh7 38. Ree5 Rc6 39. Kg2 Rcf6 40. h4 g6 41. h5 gxh5 42. Rxh5 Rg7 43. Kf3 Rfg6 44. Rdg5 a5 45. a4 Rd6 46. Rxg7+ Kxg7 47. Rd5 Rc6 48. g4 Kf6 49. Rh5 Kg6 50. Rd5 Kf6 51. Kg3 Re6 52. Kh4 Re4 53. Rd6+ Ke7 54. Rxh6 Rxf4 55. Rxb6 Kf7 56. Rb5 Rf3 57. Rxa5 Rxb3 58. Rxc5 Ra3 59. a5 Kf6 60. g5+ Kg6 61. Kg4 Rc3 62. Rc6+ Kf7 63. a6 Ra3 64. Kf5 Ke7 65. g6 Ra5+ 66. Kf4 Kd7 67. g7 Kxc6 68. g8=Q Rxa6 69. Qc8+ Kb6 70. Qb8+ 1-0